 Dungeon Crawl Stone Soup version 0.31-a0-188-g5e087ee2ca (webtiles) character file.

Game seed: 15087012435664515587

46 Gorgondantess the Gusty (level 3, -1/19 HPs)
             Began as a Tengu Air Elementalist on June 24, 2023.
             Slain by a gnoll
             ... wielding a +0 flail
              (5 damage)
             ... on level 2 of the Dungeon.
             The game lasted 00:02:31 (1821 turns).

Gorgondantess the Gusty (Tengu Air Elementalist)    Turns: 1821, Time: 00:02:31

Health: -1/19      AC:  3    Str:  8    XL:     3   Next: 68%
Magic:  3/7        EV: 11    Int: 17    God:
Gold:   94         SH:  0    Dex: 14    Spells: 3/6 levels left

rFire   . . .        m - +2 dagger (drain)
rCold   . . .        (no shield)
rNeg    . . .        d - +0 leather armour
rPois   .            (helmet restricted)
rElec   .            (no cloak)
rCorr   .            (no gloves)
SInv    .            (boots unavailable)
Will    .....        (no amulet)
Stlth   ++           (no ring)
HPRegen 0.23/turn    (no ring)
MPRegen 0.10/turn

%: no passive effects
@: no status effects
A: beak, talons 3
a: no special abilities


You were on level 2 of the Dungeon.
You visited 1 branch of the dungeon, and saw 3 of its levels.

You collected 94 gold pieces.

Inventory:

Hand Weapons
 h - a +0 short sword
 i - a +0 sling
 m - a +2 dagger of draining (weapon)
Missiles
 f - 6 poisoned darts
Armour
 a - a +0 robe
 d - a +0 leather armour (worn)
 l - a +0 leather armour
Scrolls
 j - 2 scrolls of immolation {unknown}
 k - 4 scrolls of teleportation {unknown}
 n - a scroll of identify {unknown}
Potions
 b - a potion of magic
 e - a potion of berserk rage {unknown}
 g - a potion of curing {unknown}
 o - a potion of might {unknown}


   Skills:
 - Level 2.1 Dodging
 - Level 2.0 Stealth
 + Level 2.4 Spellcasting
 + Level 2.4 Conjurations
 * Level 5.1 Air Magic


You had 3 spell levels left.
You knew the following spells:

 Your Spells              Type           Power      Damage    Failure   Level
a - Shock                 Conj/Air       60%        1d6       5%          1
b - Static Discharge      Conj/Air       30%        2-4/arc   9%          2

Your spell library contained the following spells:

 Spells                   Type           Power      Damage    Failure   Level
 Swiftness                Air            19%        N/A       10%         3
 Airstrike                Air            9%         2d(2-18)  32%         4


Dungeon Overview and Level Annotations

Branches:
Dungeon (3/15)

Altars:
Elyvilon


Innate Abilities, Weirdness & Mutations

You have a beak for a mouth.
You have claws for feet.


Message History

Done exploring.
Done exploring.
There is a stone staircase leading down here.
You climb downwards.
Found 4 gold pieces.
There is a stone staircase leading up here.
A gnoll comes into view. It is wielding a +0 halberd.
The zap hits the gnoll.
The gnoll is lightly wounded.
The gnoll shouts!
You hear a shout!
A gnoll comes into view. It is wielding a +0 flail.
The zap hits the gnoll.
The gnoll is heavily wounded.
The gnoll shouts!
A gnoll comes into view. It is wielding a +0 spear.
The zap hits the gnoll.
The gnoll is almost dead.
The gnoll shouts!
A worm comes into view.
The zap misses the gnoll.
The zap hits the gnoll.
You kill the gnoll!
There is a stone staircase leading up here.
The gnoll hits you from afar with a +0 spear.
The gnoll hits you with a +0 flail!
You climb upwards.
There is a stone staircase leading down here.
You are too injured to fight recklessly!
The gnoll attacks as you move away! The gnoll hits you with a +0 flail.
* * * LOW HITPOINT WARNING * * *
It was a potion of heal wounds.
You feel much better. The gnoll hits you with a +0 flail!
You closely miss the gnoll. You claw the gnoll.
The gnoll is lightly wounded.
The gnoll hits you with a +0 flail.
* * * LOW HITPOINT WARNING * * *
You barely miss the gnoll. You peck the gnoll, but do no damage.
The gnoll is lightly wounded.
The gnoll hits you with a +0 flail.
You die...

.# #.# #.# #. .###.# #.#######.
..##.# #......... ...#.#
#..#####.. .....# #..# ##...
...###### #..# #.... ..#.....#
#..# ##... .##.....###########
####..#####.#
#...............@g###........รท...
.##.....#########.....#########.#
.##.....# #.##### #.# .########
#.# #.# .# #.# #.# .# #.# #.#
.########## #####.# #.#
..........###.#...# #.#
.##.#####.##....#.##### #.#


You could see a gnoll.

Vanquished Creatures
  A gnoll (D:3)
  An adder (D:2)
  A dart slug (D:2)
  3 bats
  A giant cockroach (D:1)
  2 goblins (D:2)
  6 hobgoblins
  4 ball pythons
  3 frilled lizards
  4 kobolds
26 creatures vanquished.

Notes
Turn   | Place    | Note
-------+----------+-------------------------------------------
     0 | D:1      | Gorgondantess the Tengu Air Elementalist began the quest
                  | for the Orb.
     0 | D:1      | Reached XP level 1. HP: 10/10 MP: 4/4
   707 | D:1      | Reached XP level 2. HP: 15/15 MP: 1/6
   710 | D:1      | Learned a level 2 spell: Static Discharge
  1375 | D:2      | Reached XP level 3. HP: 19/19 MP: 3/7
  1433 | D:2      | Reached skill level 5 in Air Magic
  1469 | D:2      | Found a white marble altar of Elyvilon.
  1821 | D:2      | Slain by a gnoll

Illustrated notes

Levels and vault maps discovered:
D:1:      elethiomel_arrival_shortcut, layout_basic
D:2:      layout_loops_ring, basic_altar
D:3:      layout_basic, grunt_temple_overflow_magic_moments, chequers_arboretum,
          eino_curves_02

Skill      XL: |  1  2  3 |
---------------+----------+-----
Conjurations   | 2 |  2.4
Air Magic      | 5 |  5.1
Dodging        | |  2.1
Stealth        | |  2.0
Spellcasting   | |  2.4

Action                     || total
---------------------------++-------
  Melee: Short sword       ||     2
         Dagger            ||     2
         Kick              ||     1
         Peck              ||     1
   Cast: Shock             ||    52
    Use: Potion            ||     1
 Armour: Robe              ||     2
  Dodge: Dodged            ||     4

Table legend: (Time is in decaauts)
 A = Elapsed time spent in this place.
 B = Non-inter-level travel time spent in this place.
 C = Inter-level travel time spent in this place.
 D = Time resting spent in this place.
 E = Time spent auto-exploring this place.
 F = Levels seen in this place.
 G = Mean time per level.
                   A        B        C        D        E       F      G
               +--------+--------+--------+--------+--------+-----+--------+
         Total |   1820 |   1755 |     65 |      0 |   1559 |   3 |  606.7 |
       Dungeon |   1820 |   1755 |     65 |      0 |   1559 |   3 |  606.7 |
               +--------+--------+--------+--------+--------+-----+--------+

Top non-repeatable levels by time:
     D:2: 916 daAuts
     D:1: 893 daAuts
     D:3: 10 daAuts
